Map: 大气2000-天梯版

Players

TIME (Oliveira)

  • Race: Terran Terran
  • League: Grandmaster

cyan - Winner!

  • Race: Protoss Protoss
  • League: Master

Event: DreamHack SC2 Masters 2021 Fall

VOD

Have the link to the VOD?

Description

Time

  • Played on: Aug. 4, 2021, 8:53 a.m.
  • Length: 16:39

All games in this series

Show
View Real Time Build Order
Export as new Build Order

TIME Terran 

Build Orders:  

Get SALT Encoding   

  12  0:00  SCV  
  13  0:12  SCV  
  14  0:17  Supply Depot  
  14  0:24  SCV  
  15  0:38  SCV  
  15  0:39  Barracks  
  16  0:43  Refinery  
  16  0:50  SCV  
  17  1:03  SCV  
  18  1:15  SCV  
  19  1:27  Barracks Reactor  
  19  1:28  Orbital Command  
  19  1:45  Command Center  
  18  1:52  Barracks  
  19  1:54  SCV  
  19  2:03  Supply Depot  
  19  2:04  Marine  
  19  2:07  Marine  
  21  2:10  SCV  
  22  2:21  Barracks  
  22  2:22  Marine  
  22  2:24  Marine  
  22  2:28  SCV  
  25  2:40  Marine, Barracks Tech Lab  
  25  2:41  SCV  
  25  2:42  Marine  
  28  2:53  SCV  
  28  2:58  Marine  
  29  2:59  Marine  
  29  3:02  Marine  
  29  3:03  Orbital Command  
  32  3:08  Stimpack  
  32  3:09  SCV  
  33  3:13  Barracks Tech Lab  
  33  3:18  Marine x2  
  35  3:20  Refinery  
  35  3:22  SCV  
  35  3:25  Marine  
  37  3:30  SCV  
  38  3:34  SCV  
  38  3:36  Supply Depot  
  38  3:37  Marine  
  38  3:41  Marine  
  40  3:42  SCV  
  40  3:44  Marine  
  40  3:46  SCV  
  40  3:47  Marine  
  45  3:49  Combat Shield  
  45  3:54  SCV  
  46  3:58  Marine  
  46  4:00  Marauder  
  46  4:01  SCV  
  50  4:03  Supply Depot  
  50  4:06  Marine, SCV  
  54  4:10  Marauder  
  54  4:21  Engineering Bay  
  54  4:24  Marine x3, SCV x2  
  54  4:26  Supply Depot  
  54  4:30  Marine  
  60  4:35  Factory  
  60  4:38  SCV x2  
  62  4:47  Terran Infantry Weapons Level 1  
  62  4:48  Marine x3  
  62  4:52  SCV  
  67  4:54  Refinery  
  67  4:55  SCV  
  68  5:02  Marauder  
  68  5:04  SCV, Concussive Shells  
  69  5:07  Marauder  
  65  5:15  Marine  
  65  5:16  Marine  
  61  5:23  Marauder  
  61  5:26  Starport  
  57  5:28  Marine  
  57  5:31  SCV  
  57  5:32  SCV  
  57  5:33  Marine, Factory Reactor  
  57  5:35  Marine  
  59  5:43  SCV  
  59  5:44  SCV, Marauder  
  59  5:45  Supply Depot  
  59  5:46  Supply Depot  
  59  5:47  Marauder  
  65  5:54  Marine x2  
  65  5:55  SCV  
  65  5:56  SCV  
  69  5:58  Refinery  
  69  6:07  Marauder  
  69  6:08  Supply Depot, Marauder  
  73  6:11  Marine x2  
  73  6:13  Medivac x2  
  73  6:15  Factory Tech Lab  
  78  6:29  Marine x2, Marauder  
  82  6:35  Marine  
  82  6:36  Siege Tank  
  86  6:41  Supply Depot, Command Center  
  86  6:42  SCV x2, Supply Depot  
  86  6:44  Medivac  
  86  6:46  Medivac  
  92  6:47  Marine  
  92  6:49  Marine  
  93  7:01  Marauder  
  93  7:02  Marine  
  93  7:06  Command Center  
  93  7:08  Marauder  
  82  7:16  Marine  
  82  7:17  Medivac, Siege Tank  
  82  7:19  SCV  
  82  7:22  Marauder  
  91  7:24  Marine  
  91  7:26  SCV  
  91  7:29  Liberator  
  93  7:31  SCV  
  93  7:36  Terran Infantry Armor Level 1  
  97  7:37  Marine  
  97  7:38  SCV  
  97  7:39  Marauder  
  94  7:49  Marine, Marauder  
  94  7:51  SCV x2  
  94  7:55  Marine, Siege Tank  
  94  7:57  Supply Depot  
  100  8:02  Marauder  
  100  8:03  SCV x2  
  103  8:07  Marine  
  104  8:13  Barracks x2  
  104  8:14  Marauder  
  104  8:15  Marine  
  107  8:23  Marine  
  107  8:25  Marine, SCV  
  107  8:26  SCV  
  111  8:28  Supply Depot  
  111  8:30  Siege Tank  
  111  8:34  Orbital Command  
  114  8:35  Marauder  
  114  8:40  Marine  
  118  8:41  Marauder  
  118  8:43  Marine  
  118  8:51  SCV x2  
  118  8:55  Armory  
  120  8:56  Marine, Engineering Bay  
  120  8:58  Marine  
  120  9:01  Barracks Reactor, Barracks Tech Lab  
  124  9:02  Marauder  
  124  9:03  SCV x3  
  124  9:09  Marine  
  128  9:10  Command Center  
  128  9:14  Marauder  
  128  9:15  SCV  
  130  9:18  Viking x2  
  130  9:20  SCV x2  
  133  9:26  Siege Tank  
  133  9:27  SCV  
  133  9:29  Refinery  
  133  9:30  Refinery  
  136  9:32  Marine  
  136  9:33  Marine  
  136  9:36  Supply Depot  
  136  9:38  Supply Depot  
  138  9:41  Supply Depot  
  138  9:43  Marine x2  
  138  9:44  Terran Infantry Armor Level 2  
  139  9:46  Terran Infantry Weapons Level 2  
  139  9:52  Marine x2, Ghost Academy  
  141  9:57  Viking  
  141  9:58  Viking  
  142  10:02  Marine, Siege Tank  
  142  10:04  Marine  
  147  10:09  Sensor Tower  
  147  10:12  Marine  
  147  10:13  Marine, Supply Depot  
  149  10:21  Marine  
  155  10:23  SCV x2  
  155  10:25  Ghost x2  
  155  10:27  Ghost  
  155  10:28  Marine  
  159  10:34  Missile Turret  
  159  10:35  Marine  
  160  10:36  SCV x3  
  163  10:42  Viking  
  163  10:44  Supply Depot  
  163  10:45  Viking  
  163  10:48  Planetary Fortress  
  167  10:51  SCV  
  167  10:53  Missile Turret  
  167  10:56  Missile Turret  
  167  10:57  Marine  
  167  10:58  Marine x2  
  167  11:02  Siege Tank  
  173  11:06  Marine x2  
  173  11:08  Missile Turret  
  164  11:20  Marauder  
  164  11:22  Viking x2  
  164  11:33  Enhanced Shockwaves, Marauder x2  
  164  11:35  Siege Tank  
  164  11:36  SCV  
  164  11:37  SCV  
  173  11:41  Marauder  
  173  11:42  Marine x2  
  175  11:51  Marine x2  
  175  12:02  Marine, Marauder  
  175  12:04  Terran Infantry Armor Level 3, Terran Infantry Weapons Level 3  
  175  12:06  SCV x2  
  175  12:08  Viking  
  178  12:10  SCV  
  178  12:13  Marine  
  178  12:14  Marine x2  
  178  12:15  Marauder  
  184  12:16  Viking  
  186  12:23  SCV x2  
  186  12:25  Siege Tank  
  186  12:27  Marine, Marauder  
  194  12:39  Marine  
  194  12:43  Ghost  
  196  12:48  Terran Ship Weapons Level 1  
  196  12:56  Command Center  
  196  13:04  Marine  
  196  13:06  Marine  
  196  13:07  Marine x2, Marauder  
  196  13:08  Marauder  
  175  13:18  Marine  
  156  13:22  Marine  
  132  13:28  Marine x2, Marauder, Ghost  
  132  13:30  Siege Tank  
  132  13:31  Liberator x2  
  132  13:32  Marine  
  141  13:37  Marauder  
  141  13:38  Drilling Claws  
  141  13:40  Marine  
  142  13:41  Barracks  
  142  13:43  Barracks  
  142  13:45  Marine, Barracks  
  142  13:46  SCV  
  142  13:47  SCV  
  145  13:49  Ghost  
  145  13:51  Marine x2  
  145  13:54  Sensor Tower  
  149  13:58  Marine  
  149  14:00  Marauder x2  
  154  14:03  Marine  
  154  14:05  Siege Tank  
  147  14:23  Marine x3, Marauder  
  143  14:25  Viking x2  
  147  14:36  Barracks Reactor, Barracks Tech Lab x2  
  139  14:39  Marine  
  139  14:41  Marine x2, SCV  
  139  14:42  Marauder  
  139  14:43  Siege Tank  
  148  14:45  Sensor Tower  
  148  14:47  Marauder  
  148  14:48  Supply Depot, Marauder  
  148  14:49  Bunker  
  148  14:50  Supply Depot  
  152  14:54  Marine  
  152  14:56  Viking x2  
  152  14:57  Missile Turret  
  152  14:59  Marauder x2  
  161  15:00  Marine x2  
  161  15:03  Supply Depot  
  163  15:11  Marine, Marauder x2  
  165  15:27  Marauder x3, Missile Turret  
  169  15:28  Marine  
  169  15:33  Marauder  
  170  15:38  Marauder  
  169  15:48  Planetary Fortress  
  169  15:49  Marine x2, Marauder x2  
  158  15:59  Marine, Marauder  
  158  16:00  Marine, SCV, Marauder  
  158  16:02  Marine x2  
  166  16:06  Sensor Tower, Viking x2  
  167  16:12  Marine x2  
Show
View Real Time Build Order
Export as new Build Order

cyan Protoss - Winner!

Build Orders: 1 Gate Expand, Blink Stalkers 

Get SALT Encoding   

  12  0:00  Probe  
  13  0:12  Probe  
  14  0:17  Pylon  
  14  0:24  Probe (Chrono Boost)  
  15  0:35  Gateway  
  15  0:36  Probe (Chrono Boost)  
  16  0:44  Probe (Chrono Boost)  
  16  0:45  Assimilator  
  17  0:51  Probe  
  18  1:03  Probe  
  19  1:15  Probe  
  20  1:22  Nexus  
  20  1:32  Cybernetics Core  
  20  1:34  Probe  
  20  1:39  Assimilator  
  21  1:46  Probe  
  22  1:49  Pylon  
  22  1:58  Probe  
  23  2:07  Adept (Chrono Boost)  
  23  2:09  Warp Gate  
  23  2:10  Probe  
  27  2:23  Probe (Chrono Boost)  
  27  2:25  Twilight Council  
  27  2:34  Probe (Chrono Boost)  
  27  2:35  Stalker, Probe (Chrono Boost)  
  31  2:43  Probe x2 (Chrono Boost)  
  33  2:49  Probe  
  33  2:50  Probe  
  34  2:53  Pylon  
  34  2:56  Blink (Chrono Boost)  
  35  3:01  Probe  
  35  3:02  Probe  
  37  3:13  Probe  
  38  3:20  Probe  
  38  3:22  Gateway  
  38  3:24  Gateway, Stalker  
  38  3:25  Probe  
  42  3:32  Probe  
  43  3:34  Robotics Facility  
  43  3:37  Probe  
  43  3:41  Shield Battery  
  44  3:44  Probe  
  45  3:49  Probe  
  46  3:58  Nexus  
  46  4:02  Pylon  
  44  4:03  Sentry  
  44  4:04  Probe  
  44  4:05  Probe  
  48  4:10  Assimilator  
  48  4:16  Stalker, Probe  
  51  4:20  Stalker  
  51  4:21  Shield Battery  
  51  4:23  Probe  
  54  4:26  Observer  
  54  4:29  Stalker  
  57  4:32  Probe  
  57  4:35  Probe  
  59  4:41  Forge  
  59  4:43  Stalker  
  59  4:44  Probe  
  62  4:50  Pylon  
  62  4:51  Pylon  
  62  4:59  Charge (Chrono Boost)  
  62  5:06  Probe x2  
  62  5:11  Stalker x3  
  64  5:18  Probe  
  64  5:19  Probe  
  64  5:20  Observer  
  62  5:23  Protoss Ground Armor Level 1 (Chrono Boost)  
  62  5:24  Probe (Chrono Boost)  
  56  5:28  Immortal  
  56  5:31  Probe x2 (Chrono Boost)  
  62  5:36  Probe (Chrono Boost)  
  62  5:40  Gateway, Probe (Chrono Boost)  
  63  5:43  Stalker, Probe (Chrono Boost)  
  63  5:44  Gateway, Probe (Chrono Boost)  
  63  5:47  Stalker, Probe  
  70  5:53  Probe  
  70  5:54  Probe  
  72  5:58  Gateway  
  72  5:59  Probe  
  72  6:00  Shield Battery  
  73  6:04  Sentry  
  73  6:05  Probe  
  73  6:08  Pylon, Probe  
  77  6:13  Immortal  
  81  6:18  Probe  
  81  6:21  Probe  
  81  6:25  Sentry  
  85  6:26  Probe  
  85  6:29  Gateway  
  85  6:32  Gateway  
  86  6:33  Assimilator  
  86  6:34  Assimilator  
  86  6:35  Pylon  
  86  6:37  Pylon, Probe  
  86  6:38  Assimilator  
  86  6:39  Sentry  
  89  6:42  Pylon, Probe  
  90  6:49  Stalker, Zealot x3  
  90  6:52  Shield Battery  
  98  6:58  Sentry  
  98  7:00  Probe  
  100  7:02  Probe  
  100  7:03  Stalker  
  101  7:14  Stalker x3  
  95  7:23  Forge  
  95  7:25  Zealot x2  
  95  7:27  Zealot x3  
  103  7:31  Warp Prism  
  103  7:34  Probe  
  98  7:47  Zealot x7  
  106  7:54  Nexus  
  106  7:55  Pylon  
  106  7:57  Protoss Ground Weapons Level 1 (Chrono Boost), Protoss Ground Armor Level 2 (Chrono Boost)  
  106  7:59  Robotics Bay  
  106  8:04  Immortal (Chrono Boost)  
  106  8:11  Sentry, Stalker  
  114  8:16  Robotics Facility  
  114  8:18  Probe  
  115  8:23  Zealot  
  116  8:28  Pylon, Shield Battery  
  116  8:30  Probe x2  
  118  8:37  Zealot x5  
  124  8:42  Stalker x2  
  124  8:47  Observer  
  127  8:49  Zealot  
  129  8:57  Zealot  
  129  8:58  Zealot x3  
  137  9:07  Colossus  
  143  9:11  Colossus (Chrono Boost)  
  147  9:17  Extended Thermal Lance (Chrono Boost)  
  147  9:25  Probe x3  
  147  9:27  Photon Cannon  
  147  9:29  Shield Battery  
  146  9:32  Templar Archives, Gateway  
  146  9:40  Gateway  
  146  9:49  Photon Cannon  
  146  9:50  Shield Battery  
  146  9:51  Stalker x4  
  146  9:52  Pylon  
  152  10:03  Zealot x2  
  152  10:05  Protoss Ground Weapons Level 2 (Chrono Boost)  
  156  10:07  Protoss Ground Armor Level 3 (Chrono Boost)  
  156  10:08  Pylon x3  
  156  10:10  Colossus (Chrono Boost)  
  162  10:22  Assimilator, Probe  
  162  10:24  Pylon  
  162  10:26  Pylon, Dark Shrine  
  162  10:27  Assimilator  
  163  10:29  Pylon  
  161  10:40  Colossus  
  161  10:42  High Templar x2  
  169  10:45  Probe x2  
  169  10:46  Gravitic Drive (Chrono Boost)  
  169  10:49  Zealot  
  171  10:57  Nexus  
  171  10:58  Immortal  
  171  11:01  Pylon  
  163  11:29  Zealot  
  163  11:30  Zealot x8  
  181  11:34  Immortal (Chrono Boost)  
  181  11:37  Immortal (Chrono Boost)  
  189  11:41  Shadow Stride (Chrono Boost)  
  175  11:50  Zealot x2  
  175  11:51  Zealot  
  175  11:53  Zealot x6  
  171  12:10  Disruptor (Chrono Boost)  
  171  12:13  Disruptor (Chrono Boost), High Templar x2  
  171  12:14  High Templar x4  
  183  12:18  Archon  
  183  12:19  Archon  
  183  12:20  Archon  
  183  12:21  Archon  
  183  12:24  Protoss Ground Weapons Level 3 (Chrono Boost)  
  183  12:25  Shield Battery x2  
  183  12:27  Pylon, Shield Battery  
  183  12:32  Photon Cannon  
  183  12:33  Zealot  
  183  12:35  Stalker  
  183  12:36  Pylon, Zealot  
  187  12:38  Warp Prism  
  187  12:41  Colossus  
  187  12:44  Protoss Shields Level 1 (Chrono Boost)  
  195  12:51  Gateway  
  195  12:53  Gateway  
  195  12:57  Zealot x3  
  195  12:58  Zealot  
  179  13:15  Observer, Zealot x3  
  179  13:16  Zealot x3  
  140  13:36  Observer  
  141  13:46  Dark Templar x8  
  157  13:51  Zealot  
  159  13:56  Colossus x2 (Chrono Boost)  
  171  14:06  Stalker x3  
  175  14:12  Stalker  
  165  14:29  Dark Templar  
  165  14:30  Dark Templar x4  
  153  14:44  Immortal x2 (Chrono Boost)  
  153  14:48  High Templar x2, Zealot x5  
  167  14:53  Archon  
  167  14:58  Gateway  
  167  15:00  Observer  
  167  15:01  Gateway  
  167  15:02  Sentry x2  
  167  15:05  Nexus, Pylon  
  171  15:07  High Templar  
  171  15:08  High Templar, Zealot  
  171  15:12  Archon  
  177  15:15  Nexus  
  177  15:16  Zealot x4  
  179  15:37  Zealot  
  179  15:38  Zealot x7  
  192  15:56  Zealot x4  
  191  16:06  Zealot x4  
  187  16:20  Stalker  
  187  16:21  Stalker x7  

Tags
 
Add a new tag
Caveats
  • Supply blocks, unpowered buildings, or Contaminate may cause inaccurate times.
  • Supply counts are checked every 10 seconds.